 Dungeon Crawl Stone Soup version 0.26.1 (webtiles) character file.

Game seed: 4627964793700244971

51 kreisler the Sneak (level 3, 0/24 HPs)
             Began as an Octopode Brigand on Feb 5, 2021.
             Succumbed to an adder's poison
             ... on level 3 of the Dungeon.
             The game lasted 00:05:42 (2030 turns).

kreisler the Sneak (Octopode Brigand)               Turns: 2030, Time: 00:05:42

Health: 0/24       AC:  1    Str: 10    XL:     3   Next: 83%
Magic:  3/3        EV: 13    Int: 13    God:
Gold:   133        SH:  0    Dex: 14    Spells: 2/2 levels left

rFire    . . .     SeeInvis .   a - +2 dagger
rCold    . . .     Faith    .   (no shield)
rNeg     . . .     Spirit   .   (helmet restricted)
rPois    .         Reflect  .   (no amulet)
rElec    .         Harm     .   (no ring)
rCorr    .         Rampage  .   (no ring)
Will     .....                  (no ring)
Stlth    ++++......             (no ring)
HPRegen  0.08/turn              (no ring)
MPRegen  0.08/turn              (no ring)
                                (no ring)
                                (no ring)

@: lethally poisoned (0 -> -3)
A: almost no armour, stealthy swim, amphibious, 8 rings, constrict 8, camouflage
1, gelatinous body 1
a: no special abilities


You were on level 3 of the Dungeon.
You visited 1 branch of the dungeon, and saw 3 of its levels.

You collected 133 gold pieces.

Inventory:

Hand Weapons
 a - a +2 dagger (weapon)
Missiles
 b - 28 poisoned darts (quivered)
 c - 2 curare-tipped darts
 g - 5 atropa-tipped darts
Jewellery
 k - an uncursed amulet of guardian spirit {unknown}
Scrolls
 d - 2 scrolls of fog
 f - a scroll of remove curse
 j - a scroll of blinking
 m - a scroll of identify
Potions
 e - a potion of haste


   Skills:
 + Level 2.0 Fighting
 + Level 2.4 Short Blades
 + Level 2.1 Throwing
 + Level 1.3 Dodging
 + Level 6.7 Stealth


You had 2 spell levels left.
You didn't know any spells.
Your spell library was empty.

Dungeon Overview and Level Annotations

Branches:
Dungeon (3/15)

Altars:
Elyvilon


Innate Abilities, Weirdness & Mutations

You cannot wear most types of armour.
You are very stealthy in the water. (Stealth+)
You are amphibious.
You can wear up to eight rings at the same time.
You can use your tentacles to constrict eight enemies at once.
Your skin changes colour to match your surroundings (Stealth+).
Your rubbery body absorbs attacks. (AC +1, EV +1)


Message History

Things that are here:
a +0 club; a kobold corpse Your surroundings suddenly seem different.
Found 29 stones, a glowing hand axe and 5 atropa-tipped darts.
There is a lethal amount of poison in your body!
* * * LOW HITPOINT WARNING * * *
You feel sick.
* * * LOW HITPOINT WARNING * * *
You feel sick.
Found a white marble altar of Elyvilon.
You see here 5 atropa-tipped darts.
g - 5 atropa-tipped darts
Found a quokka corpse.
* * * LOW HITPOINT WARNING * * *
You feel sick.
Found a potion of lignification.
* * * LOW HITPOINT WARNING * * *
You feel sick.
A giant cockroach comes into view.
You die...

#..####.#. ....(..#.##
# ###. #.....#..##
.### .... #..(..#...##
###.... .....
#....###...####.....B.
.....
#.)..#≈≈...≈≈#...#....
....
#....#≈..♣..≈#.....#
##..
##............#..#
.... #.#...♣._.♣..@..#
#. #.##........†...#
#####.
#.###≈..♣..≈#...#
...... #.
#≈≈...≈≈##### ####.
###...#### ## #..###.#
####### #####
.......####.....#
#..†. ##
#.(...##.###.####.###
#.....##.#........###


You could see a giant cockroach (wandering).

Vanquished Creatures
  An adder (D:3)
  2 worms
  A leopard gecko (D:1)
  3 ball pythons
  A giant cockroach (D:2)
  4 goblins (D:1)
  6 hobgoblins
  2 jackals (D:1)
  2 bats (D:1)
  2 frilled lizards
  4 kobolds
  6 rats
34 creatures vanquished.

Vanquished Creatures (others)
  A quokka (D:3)
1 creature vanquished.

Grand Total: 35 creatures vanquished

Notes
Turn   | Place    | Note
-------+----------+-------------------------------------------
     0 | D:1      | kreisler the Octopode Brigand began the quest for the Orb.
     0 | D:1      | Reached XP level 1. HP: 14/14 MP: 1/1
   218 | D:1      | Reached XP level 2. HP: 19/19 MP: 2/2
   413 | D:1      | Reached skill level 6 in Stealth
  1097 | D:2      | Reached XP level 3. HP: 24/24 MP: 3/3
  2007 | D:3      | Noticed a necrophage
  2019 | D:3      | Found a white marble altar of Elyvilon.
  2023 | D:3      | HP: 1/24 [poisoned by an adder]
  2030 | D:3      | Succumbed to an adder's poison

Illustrated notes

Levels and vault maps discovered:
D:1:      dpeg_arrival_tiny_i, layout_basic
D:2:      layout_rooms
D:3:      layout_loops_cross, elyvilon_altar_4

Skill      XL: |  1  2 |
---------------+-------+-----
Stealth        | 6 |  6.7
Fighting       | |  2.0
Short Blades   | |  2.4
Throwing       | |  2.1
Dodging        | |  1.3

Action                   || total
-------------------------++-------
Melee: Dagger            ||    78
       Constrict         ||    16
       Tentacles         ||    10
  Use: Scroll            ||     5
       Potion            ||     4
 Stab: Sleeping          ||    10
Armor: Skin              ||     1
Dodge: Dodged            ||    46
